Unix NetHack Version 3.7.0-70 Work-in-progress - last build Jan 20 2023 02:37:49 (416de4da9be3a1557180d233d1398bca634ded6a,branch:master). Game began 2023-01-20 11:37:21, ended 2023-01-20 12:16:41. Kontroller, lawful male human Knight ------------ ------------ |>.........| |..........| |..........|# +..........| |...........#### |....<.....| |..........|############################ ### |..........| ...........|# # # #####-..........| |..........-# ########### ------------ ------------# # # ### ## # # ----- | ###..... ....- #|...| :# +.q..##uq |...| # ----- Kontroller the Esquire St:14 Dx:9 Co:11 In:10 Wi:15 Ch:17 Lawful S:579 Dlvl:5 $:47 HP:0(40) Pw:30(30) AC:3 Xp:4/83 T:1655 Ride Latest messages: The imp misses the saddled pony. The saddled pony misses the imp. The saddled pony misses the imp. You miss the imp. The imp misses the saddled pony. The saddled pony hits the imp. The saddled pony misses the imp. "Thinkest thou it shall tickle as I rip out thy lungs?" You miss the imp. The imp misses the saddled pony. The saddled pony hits the imp. The saddled pony misses the imp. You miss the imp. The imp just misses! You miss the imp. The imp hits the saddled pony. The saddled pony misses the imp. The saddled pony misses the imp. You hit the imp. The imp misses! You hit the imp. The imp misses the saddled pony. The saddled pony hits the imp. The saddled pony bites the imp. The imp casts aspersions on your ancestry. You kill the imp! Welcome to experience level 4. You see here a scroll called lep gex ven zea 100. R - a scroll called lep gex ven zea 100. You see here a scroll called lep gex ven zea 100. R - a scroll called lep gex ven zea 100 (2 in total). The door resists! The door opens. You see here a food ration. A - a food ration (4 in total). You see here a murky potion. S - a murky potion. A rock piercer suddenly drops from the ceiling! Its blow glances off your helm. The newt bites! The rothe hits! The rothe bites! The rothe bites! You hit the rothe! The rothe hits! The rothe bites! The rothe bites! You die... Do you want your possessions identified? [ynq] (y) y Do you want to see your attributes? [ynq] (y) q Inventory: Coins $ - 47 gold pieces Weapons i - 7 +0 darts a - a +1 long sword (alternate weapon; not wielded) b - a blessed +1 lance (weapon in hand) Armor d - an uncursed +0 helmet (being worn) f - an uncursed +0 pair of leather gloves (being worn) e - an uncursed +0 small shield (being worn) P - an uncursed +0 oilskin cloak c - an uncursed +1 ring mail (being worn) Comestibles z - 3 uncursed slime molds h - 11 uncursed carrots B - an uncursed cream pie A - 4 uncursed food rations y - 2 uncursed fortune cookies w - an uncursed pear m - 3 uncursed tripe rations Scrolls R - 2 uncursed scrolls of confuse monster O - an uncursed scroll of destroy armor D - an uncursed scroll of enchant weapon M - an uncursed scroll of food detection n - 2 uncursed scrolls of identify G - a cursed scroll of remove curse Spellbooks p - a cursed spellbook of remove curse Potions L - an uncursed potion of levitation l - an uncursed potion of paralysis S - a blessed potion of sickness E - an uncursed potion of sleeping t - an uncursed potion of water Rings H - an uncursed ring of shock resistance k - an uncursed ring of teleport control Tools j - a cursed tallow candle Gems/Stones I - an uncursed worthless piece of green glass q - an uncursed worthless piece of white glass Kontroller the Knight's attributes: Background: You were an Esquire, a level 4 male human Knight. You were lawful, on a mission for Lugh who was opposed by Brigit (neutral) and Manannan Mac Lir (chaotic). You were in the Dungeons of Doom, on level 5. You entered the dungeon 1655 turns ago. You had 83 experience points, 77 more were needed to attain level 5. Your score was 579 before end-of-game adjustments. Basics: You had 0 out of 40 hit points. You had all 30 energy points (spell power). Your armor class was 3. Your wallet contained 47 zorkmids. Autopickup was off. Final Characteristics: Your strength was 14 (limit:18/100). Your dexterity was 9 (limit:18). Your constitution was 11 (limit:18). Your intelligence was 10 (limit:18). Your wisdom was 15 (limit:18). Your charisma was 17 (limit:18). Final Status: You were riding your pony. You were not hungry. You were unencumbered. You were wielding a lance. You had basic skill with lance. Final Attributes: You were devoutly aligned. You could jump. You were warded. You are dead. Miscellaneous: You never encountered a bones level. Total elapsed playing time was 39 minutes and 18 seconds. Major events: Turn 1: Kontroller the lawful male human Knight entered the dungeon 1161: attained the rank of Esquire (level 3) 1655: killed by a rothe Vanquished creatures: an imp a werejackal an iguana a coyote 2 gnomes 2 geckos 3 jackals a fox a goblin a sewer rat 2 grid bugs a bat 3 lichens 2 kobold zombies 6 newts 28 creatures vanquished. No species were genocided or became extinct. Voluntary challenges: You were illiterate. You never engraved Elbereth. You never genocided any monsters. You never polymorphed an object. You never changed form. You used no wishes. Achievements: You entered a shop. You attained the rank of Esquire. The Dungeons of Doom: levels 1 to 5 Level 1: A fountain, a grave. Level 2: A delicatessen. Level 3: A grave. Level 4: A scroll shop, a fountain. Level 5: <- You were here. Final resting place for you, killed by a rothe. Game over: ---------- / \ / REST \ / IN \ / PEACE \ / \ | Kontroller | | 47 Au | | killed by a | | rothe | | | | | | 2023 | *| * * * | * _________)/\\_//(\/(/\)/\//\/|_)_______ Fare thee well Kontroller the Knight... You died in The Dungeons of Doom on dungeon level 5 with 575 points, and 47 pieces of gold, after 1655 moves. You were level 4 with a maximum of 40 hit points when you died.